 Dungeon Crawl Stone Soup version 0.29.0-11-gd7f09526c8 (webtiles) character file.

Game seed: 6992192979257706656

6659 DoubleLucky the Grappler (level 10, -1/102 HPs)
             Began as a Troll Fighter on Sept 3, 2022.
             Was a Believer of Qazlal.
             Slain by a seven-headed hydra (8 damage)
             ... on level 10 of the Dungeon.
             The game lasted 00:40:43 (6787 turns).

DoubleLucky the Grappler (Troll Fighter)            Turns: 6787, Time: 00:40:44

Health: -1/102     AC: 11    Str: 28    XL:     10   Next: 73%
Magic:  9/9        EV:  9    Int:  6    God:    Qazlal [**....]
Gold:   486        SH: 12    Dex:  9    Spells: 9/9 levels left

rFire   . . .      SeeInvis +     - Unarmed
rCold   + . .      Faith    +   b - +0 kite shield
rNeg    . . .      Spirit   .   G - +0 acid dragon scales
rPois   +          Reflect  .   (helmet restricted)
rElec   .          Harm     .   E - +1 cloak {rPois}
rCorr   +          Rampage  .   (gloves unavailable)
Will    .....                   (boots unavailable)
Stlth   +.........              c - amulet of faith
HPRegen 1.07/turn               t - ring of see invisible
MPRegen 0.11/turn               I - ring of protection from cold

@: no status effects
A: large, unfitting armour, claws 3, regeneration 1, shaggy fur 1, tough skin 1
a: Renounce Religion, Upheaval


You were on level 10 of the Dungeon.
You worshipped Qazlal.
Qazlal was pleased with you.
You visited 2 branches of the dungeon, and saw 11 of its levels.
You also visited: Bailey.

You collected 486 gold pieces.

Inventory:

Hand Weapons
 m - a +1 dagger of venom
 H - a +1 flail of venom
Missiles
 B - 5 large rocks (quivered)
Armour
 b - a +0 kite shield (worn)
 w - a +0 troll leather armour
 A - +0 steam dragon scales
 E - a +1 cloak of poison resistance (worn)
 G - +0 acid dragon scales (worn)
Jewellery
 c - an amulet of faith (around neck)
 t - a ring of see invisible (left claw)
 I - a ring of protection from cold (right claw)
Wands
 a - a wand of polymorph (4)
 r - a wand of iceblast (7)
 v - a wand of paralysis (15)
 D - a wand of light (9)
 F - a wand of mindburst (10)
Scrolls
 g - 6 scrolls of teleportation
 h - a scroll of enchant armour {unknown}
 j - a scroll of immolation {unknown}
 n - a scroll of fog {unknown}
 p - 2 scrolls of fear {unknown}
 q - a scroll of blinking {unknown}
 y - a scroll of poison {unknown}
 C - 4 scrolls of enchant weapon
Potions
 d - a potion of resistance
 e - 2 potions of brilliance
 f - 6 potions of curing
 i - a potion of heal wounds
 k - 2 potions of flight
 l - 2 potions of ambrosia
 o - a potion of degeneration {unknown}
 s - a potion of attraction {unknown}
 u - a potion of mutation {unknown}
 x - a potion of berserk rage {unknown}
 z - a potion of cancellation {unknown}


   Skills:
 - Level 7.5 Fighting
 - Level 1.1 Short Blades
 - Level 6.0 Armour
 - Level 6.0 Dodging
 - Level 6.0 Shields
 + Level 8.5 Unarmed Combat


You had 9 spell levels left.
You didn't know any spells.
Your spell library contained the following spells:

 Spells                   Type           Power      Damage    Failure   Level
 Shock                    Conj/Air       0%         1d3       77%         1
 Ensorcelled Hibernation  Hex/Ice        0%         N/A       88%         2
 Gell's Gravitas          Tloc           0%         N/A       98%         3
 Lesser Beckoning         Tloc           0%         N/A       98%         3
 Spider Form              Tmut/Pois      0%         N/A       98%         3
 Swiftness                Air            0%         N/A       98%         3
 Teleport Other           Tloc           0%         N/A       98%         3
 Airstrike                Air            0%         2d(0-16)  100%        4
 Anguish                  Hex/Necr       0%         N/A       100%        4


Dungeon Overview and Level Annotations

Branches:
Dungeon (11/15)            Temple (1/1) D:4            Lair (0/5) D:10
 Bailey (visited)
    Orc: D:9-12

Altars:
Ashenzari
Cheibriados
Dithmenos
Elyvilon
Fedhas
Gozag
Kikubaaqudgha
Makhleb
Nemelex Xobeh
Okawaru
Qazlal
Ru
Sif Muna
Uskayaw
Vehumet
Yredelemnul
Zin
The Shining One
Lugonu

Annotations:
D:3 1 runed translucent door, kwasso's ghost, amateur VSFi


Innate Abilities, Weirdness & Mutations

You are too large for most types of armour.
You have claws for hands.
Your natural rate of healing is unusually fast.
You are covered in fur. (AC +1)
You have tough skin. (AC +1)


Message History

You block the seven-headed hydra's attack.
The seven-headed hydra bites you! x3
You block the seven-headed hydra's attack. x2
The seven-headed hydra bites you!
The seven-headed hydra is engulfed in blazing flames.
The seven-headed hydra attacks as you move away!
You block the seven-headed hydra's attack. x2
The seven-headed hydra bites you.
You block the seven-headed hydra's attack.
The seven-headed hydra bites you!
The seven-headed hydra bites you but does no damage.
The seven-headed hydra bites you.
* * * LOW HITPOINT WARNING * * *
The seven-headed hydra attacks as you move away!
The seven-headed hydra closely misses you.
The seven-headed hydra barely misses you.
The seven-headed hydra bites you but does no damage.
The seven-headed hydra barely misses you.
The seven-headed hydra bites you but does no damage. x2
The seven-headed hydra barely misses you.
The seven-headed hydra attacks as you move away!
The seven-headed hydra closely misses you.
The seven-headed hydra bites you!
* * * LOW HITPOINT WARNING * * *
You block the seven-headed hydra's attack.
The seven-headed hydra bites you but does no damage.
You block the seven-headed hydra's attack.
The seven-headed hydra bites you!
* * * LOW HITPOINT WARNING * * *
You block the seven-headed hydra's attack.
The seven-headed hydra attacks as you move away!
The seven-headed hydra closely misses you.
You block the seven-headed hydra's attack.
The seven-headed hydra barely misses you.
The seven-headed hydra bites you.
* * * LOW HITPOINT WARNING * * *
The seven-headed hydra bites you but does no damage.
The seven-headed hydra closely misses you.
The seven-headed hydra bites you!
You die...

###.# #.# ##'##
#...# #.# #.##
#### #.###
###.##### #..#
...# #.#
#.......#######...
##)# #.#
#.#.##...........#
#.# #.#
#.#....>#####[....
#.# #.# #.#####.#
##...# #.####.#
#.# #.# ##.##
#......# #@#####.#
#.# ########
#.D.....# #.#
######### #.# #.#
######### #.#
#..)....# #.#
#.#####.# #.# #.#
#.# ####.##
#.#####.####......


You could see a seven-headed hydra.

Vanquished Creatures
  Harold (D:10)
  2 two-headed ogres (D:10)
  Joseph (D:10)
  A gargoyle (D:10)
  Maggie (D:10)
  3 trolls
  A wraith (D:10)
  Grum (D:8)
  3 yaks (D:10)
  A steam dragon (D:7)
  Menkaure (D:7)
  Duvessa (D:7)
  A water moccasin (D:7)
  2 black bears (D:5)
  An orc warrior (Bailey)
  An ogre (D:6)
  4 wolves (D:8)
  2 phantoms (D:6)
  3 bullfrogs
  5 scorpions
  4 wights (D:10)
  Dowan (D:7)
  A lava snake (D:10)
  A crimson imp (D:6)
  Crazy Yiuf (D:7)
  A hound (D:6)
  4 orc priests
  3 iguanas
  4 orc wizards
  7 adders
  A white imp (D:5)
  A worm (D:3)
  2 dart slugs (D:1)
  29 orcs
  5 endoplasms
  2 giant cockroaches
  7 hobgoblins
  7 jackals
  7 quokkas
  10 ball pythons
  8 bats
  3 frilled lizards
  10 goblins
  5 kobolds
  3 rats
163 creatures vanquished.

Vanquished Creatures (collateral kills)
  3 goblins (D:8)
3 creatures vanquished.

Vanquished Creatures (others)
  2 fungi (D:7)
2 creatures vanquished.

Grand Total: 168 creatures vanquished

Notes
Turn   | Place    | Note
-------+----------+-------------------------------------------
     0 | D:1      | DoubleLucky the Troll Fighter began the quest for the Orb.
     0 | D:1      | Reached XP level 1. HP: 22/22 MP: 0/0
   142 | D:1      | Reached XP level 2. HP: 26/29 MP: 1/1
   205 | D:1      | Reached skill level 3 in Unarmed Combat
   512 | D:1      | Reached XP level 3. HP: 36/36 MP: 2/2
   794 | D:2      | Reached skill level 4 in Unarmed Combat
   940 | D:2      | Reached XP level 4. HP: 43/44 MP: 3/3
   968 | D:2      | Found a faded altar of an unknown god.
  1282 | D:3      | Found a blossoming altar of Fedhas.
  1282 | D:3      | Found a runed translucent door.
  1297 | D:3      | Found a stormy altar of Qazlal.
  1297 | D:3      | Found a sacrificial altar of Ru.
  1305 | D:3      | Became a worshipper of Qazlal Stormbringer
  1334 | D:3      | Reached skill level 5 in Unarmed Combat
  1696 | D:3      | Noticed kwasso's ghost (amateur VSFi)
  1746 | D:3      | Reached XP level 5. HP: 49/50 MP: 4/4
  2283 | D:4      | Reached skill level 6 in Unarmed Combat
  2296 | D:4      | Reached * piety under Qazlal
  2405 | D:4      | Found a faded altar of an unknown god.
  2405 | D:4      | Found an ancient bone altar of Kikubaaqudgha.
  2413 | D:4      | Found a faded altar of an unknown god.
  2415 | D:4      | Found a glowing golden altar of the Shining One.
  2417 | D:4      | Found a snail-covered altar of Cheibriados.
  2446 | D:4      | Reached skill level 1 in Short Blades
  2446 | D:4      | Reached XP level 6. HP: 48/61 MP: 5/5
  2582 | D:4      | Found a staircase to the Ecumenical Temple.
  3021 | Temple   | Entered the Ecumenical Temple
  3097 | D:5      | Entered Level 5 of the Dungeon
  3180 | D:5      | Reached XP level 7. HP: 42/67 MP: 6/6
  3540 | D:5      | Noticed a troll
  3551 | D:5      | Killed a troll
  3806 | D:5      | Reached skill level 7 in Unarmed Combat
  3984 | D:6      | Reached XP level 8. HP: 78/79 MP: 7/7
  4235 | D:6      | Reached ** piety under Qazlal
  4331 | D:6      | Reached skill level 5 in Shields
  4354 | D:6      | Found an opulent altar of Gozag.
  4383 | D:6      | Reached skill level 5 in Fighting
  4399 | D:6      | Found a burning altar of Makhleb.
  4400 | D:6      | Found a radiant altar of Vehumet.
  4529 | D:7      | Reached skill level 8 in Unarmed Combat
  4588 | D:7      | Found a white marble altar of Elyvilon.
  4601 | D:7      | Noticed Duvessa
  4601 | D:7      | Noticed Dowan
  4627 | D:7      | Killed Dowan
  4631 | D:7      | Killed Duvessa
  4632 | D:7      | Reached XP level 9. HP: 27/89 MP: 8/8
  4809 | D:7      | Noticed Menkaure
  4813 | D:7      | Killed Menkaure
  5054 | D:7      | Found a runed translucent door.
  5055 | D:7      | Noticed Crazy Yiuf
  5062 | D:7      | Killed Crazy Yiuf
  5135 | D:8      | Noticed Grum
  5148 | D:8      | Reached skill level 1 in Armour
  5161 | D:8      | Killed Grum
  5236 | D:8      | Found a flagged portal.
  5251 | Bailey   | Entered a bailey
  5411 | Bailey   | Noticed an orc knight
  5556 | D:8      | You fall into a shaft and drop 3 floors!
  5588 | D:11     | Noticed a troll
  5598 | D:11     | Killed a troll
  5655 | D:10     | Entered Level 10 of the Dungeon
  5658 | D:10     | Noticed Maggie
  5674 | D:10     | Killed Maggie
  5675 | D:10     | Reached skill level 5 in Armour
  5909 | D:10     | Found an iron altar of Okawaru.
  5926 | D:10     | Noticed a two-headed ogre
  5935 | D:10     | Killed a two-headed ogre
  6001 | D:10     | Noticed a troll
  6019 | D:10     | Killed a troll
  6020 | D:10     | Reached XP level 10. HP: 64/100 MP: 9/9
  6055 | D:10     | Noticed Harold
  6078 | D:10     | Paralysed by Harold for 3 turns
  6083 | D:10     | Killed Harold
  6310 | D:10     | Noticed Joseph
  6321 | D:10     | Killed Joseph
  6368 | D:10     | Reached skill level 5 in Dodging
  6401 | D:10     | Found a staircase to the Lair.
  6558 | D:10     | Noticed a two-headed ogre
  6559 | D:10     | Noticed a gargoyle
  6579 | D:10     | Killed a gargoyle
  6583 | D:10     | Killed a two-headed ogre
  6776 | D:10     | Noticed a five-headed hydra
  6787 | D:10     | Slain by a seven-headed hydra

Illustrated notes

Levels and vault maps discovered:
D:1:      dpeg_arrival_round_c, layout_basic
D:2:      layout_loops_ring, hellmonk_ecumenical_altar_defaced_shrine
D:3:      layout_loops_ring, grunt_temple_overflow_open,
          ebering_ghost_reflecting_pool, kennysheep_crisscross
D:4:      layout_gridville, chequers_temple_overflow_minitemple,
          minmay_temple_entry_enclosed_plants
D:5:      nicolae_cairo_tiling_very_big, layout_basic
D:6:      layout_rooms, grunt_temple_overflow_lords_of_destruction,
          mainiacjoe_overflow_alcove_1
D:7:      layout_cave_pools, mainiacjoe_overflow_alcove_2, uniq_menkaure,
          uniq_duvessa, uniq_crazy_yiuf_cottage
D:8:      layout_rooms, pdpol_wu_jian_five_deadly_venoms, enter_bailey_5,
          uniq_grum, uniq_pikel
D:10:     layout_loops_corners, lemuel_round_altar, lair_entry_dummy,
          kennysheep_potato, uniq_joseph, uniq_harold, uniq_maggie
D:11:     layout_cave_pools, kennysheep_boxes
Temple:   corrupted_temple

Skill      XL: |  1  2  3  4  5  6  7  8  9 10 |
---------------+-------------------------------+-----
Unarmed Combat | 3 4 5 6 7 8 |  8.5
Fighting       | 3 4 5 6 7 |  7.5
Short Blades   | 1 |  1.1
Shields        | 3 4 5 6 |  6.0
Armour         | 6 |  6.0
Dodging        | 3 6 |  6.0

Action                   |  1- 3 |  4- 6 |  7- 9 | 10-12 || total
-------------------------+-------+-------+-------+-------++-------
Melee: Unarmed           |   104 |   139 |   233 |    72 ||   548
       Punch             |       |     4 |     8 |       ||    12
  Use: Scroll            |       |       |    11 |       ||    11
       Potion            |       |       |     4 |     2 ||     6
 Stab: Sleeping          |     1 |       |       |       ||     1
Armor: Robe              |    35 |    47 |    22 |       ||   104
       Steam dragon scal |       |       |    17 |       ||    17
       Acid dragon scale |       |       |    10 |    11 ||    21
       Skin              |       |       |     2 |       ||     2
Dodge: Dodged            |    50 |    60 |    87 |    17 ||   214
Block: Other             |       |     3 |    11 |       ||    14
       Kite shield       |       |       |    51 |    30 ||    81
